 Dungeon Crawl Stone Soup version 0.24.0-37-gcf1ca852f1 (webtiles) character file.

Game seed: 9488016518031897369, levelgen mode: deterministic

774465 Peloso the Minotaur Barricade (level 27, -1/273 HPs)
             Began as a Minotaur Fighter on Nov 30, 2019.
             Was the Champion of Okawaru.
             Killed by divine providence
             ... invoked by a balrug
              (12 damage)
             ... in Pandemonium on Dec 1, 2019.
             The game lasted 05:03:54 (83183 turns).

Peloso the Minotaur Barricade (Minotaur Fighter)   Turns: 83183, Time: 05:03:55

Health: -1/273     AC: 52    Str: 32 (33) XL:     27
Magic:  27/27      EV: 20    Int:  2 (3)  God:    Okawaru [******]
Gold:   4423       SH: 22    Dex: 14 (15) Spells: 26/26 levels left

rFire    + + +     SeeInvis +   a - +7 Maxwell's thermic engine {flame, freeze}
rCold    + + .     Gourm    .   B - +2 shield of Resistance {rF+ rC+ MR+}
rNeg     + + .     Faith    .   r - +12 gold dragon scales
rPois    +         Spirit   .   Z - +1 hat {SInv}
rElec    +         Reflect  .   P - +2 cloak of Light {rElec rPois Regen+}
rCorr    .         Harm     .   D - +0 pair of gloves of Kuegh {rF+ Regen+}
MR       ++++.     Rnd*Rage +   c - +2 pair of boots {run}
Stlth    ..........             z - amulet "Cyvyanup" {+Rage rElec rPois rN+ MR+}
HPRegen  1.35/turn              q - ring of Robustness {AC+8}
MPRegen  0.20/turn              E - ring "Ciyr" {rN+ Dex+2}

@: berserk cooldown, very slightly contaminated, hasted and slowed, quick
A: retaliatory headbutt, horns 2, repulsion field 1, berserk 1, deformed body,
deterioration 2, dopey 1, low mp 1, screaming 1, electricity resistance, strong
1, subdued magic 1
}: 5/15 runes: decaying, serpentine, slimy, silver, abyssal
a: Heroism, Finesse, Renounce Religion, Evoke Berserk Rage


You were in Pandemonium.
You worshipped Okawaru.
Okawaru was exalted by your worship.
You were very hungry.

You visited 14 branches of the dungeon, and saw 60 of its levels.
You visited Pandemonium 1 time, and saw 3 of its levels.
You visited the Abyss 2 times.
You also visited: Trove, Bailey, Gauntlet, Ice Cave and Volcano.

You collected 11073 gold pieces.
You spent 6650 gold pieces at shops.

Inventory:

Hand Weapons
 a - the +7 Maxwell's thermic engine (weapon) {flame, freeze}
   (You found it in an ice cave)

   It has been specially enchanted to burn those struck by it, causing extra
   injury to most foes and up to half again as much damage against particularly
   susceptible opponents.
   Big, fiery blades are also staple armaments of hydra-hunters.
   It has been specially enchanted to freeze those struck by it, causing extra
   injury to most foes and up to half again as much damage against particularly
   susceptible opponents.
 b - the +11 demon blade of the Butterfly {pain, +Blink rElec Str+7 Dex-5}
   (You took it off a balrug on level 1 of the Depths)

   In the hands of one skilled in necromantic magic, it inflicts extra damage on
   living creatures.
   It affects your strength (+7).
   It affects your dexterity (-5).
   It insulates you from electricity.
   It lets you blink.
 x - a +1 demon blade of flaming
 F - the +8 short sword of Ascent {vamp, MR+}
   (You found it in Pandemonium)

   It inflicts no extra harm, but heals its wielder when it wounds a living foe.
   It affects your resistance to hostile enchantments.
 J - a +0 double sword of freezing
Armour
 c - a +2 pair of boots of running (worn)
 h - the +7 large shield "Xuqatopu" {Regen+ Str+6 Int+4 Stlth-}
   (Okawaru gifted it to you on level 3 of the Elven Halls)

   It affects your strength (+6).
   It affects your intelligence (+4).
   It increases your rate of regeneration.
   It makes you less stealthy.
 p - a +2 large shield of reflection
 r - +12 gold dragon scales (worn)
 B - the +2 shield of Resistance (worn) {rF+ rC+ MR+}
   (You found it on level 3 of the Realm of Zot)

   It protects you from fire.
   It protects you from cold.
   It affects your resistance to hostile enchantments.
 D - the +0 pair of gloves of Kuegh (worn) {rF+ Regen+}
   (You found it in an ice cave)

   It protects you from fire.
   It increases your rate of regeneration.
 N - a +1 pair of boots of flying
 O - a scarf of cloud immunity
 P - the +2 cloak of Light (worn) {rElec rPois Regen+}
   (You found it in a bailey)

   It insulates you from electricity.
   It protects you from poison.
   It increases your rate of regeneration.
 R - the cursed +0 pair of boots "Sytisarehi" {rC++ Str+3}
   (You found it in Pandemonium)

   It affects your strength (+3).
   It greatly protects you from cold.
   It has a curse placed upon it.
 Z - a +1 hat of see invisible (worn)
Jewellery
 k - an uncursed amulet of guardian spirit
 o - an uncursed ring of resist corrosion
 q - the ring of Robustness (left hand) {AC+8}
   (You bought it in a shop on level 4 of the Snake Pit)

   [ring of protection]

   It affects your AC (+8).
 z - the amulet "Cyvyanup" (around neck) {+Rage rElec rPois rN+ MR+}
   (You bought it in a shop on level 1 of the Orcish Mines)

   [amulet of rage]

   It insulates you from electricity.
   It protects you from poison.
   It protects you from negative energy.
   It affects your resistance to hostile enchantments.
   It lets you go berserk.
 E - the ring "Ciyr" (right hand) {rN+ Dex+2}
   (You found it on level 3 of the Crypt)

   [ring of positive energy]

   It affects your dexterity (+2).
   It protects you from negative energy.
 S - a +2 ring of evasion
 T - an uncursed amulet of regeneration
Wands
 s - a wand of random effects (22)
 I - a wand of digging (14)
Scrolls
 e - 33 scrolls of remove curse
 g - 12 scrolls of blinking
 i - 2 scrolls of fog
 j - 27 scrolls of teleportation
 t - 17 scrolls of identify
 u - 12 scrolls of magic mapping
 y - a scroll of enchant weapon
 A - 11 scrolls of fear
 H - a scroll of holy word
 K - a scroll of enchant armour
 L - 7 scrolls of noise
Potions
 d - 9 potions of might
 l - a potion of magic
 m - a potion of flight
 n - 28 potions of curing
 v - 6 potions of heal wounds
 w - 10 potions of berserk rage
 C - 14 potions of agility
 G - 5 potions of resistance
 W - 4 potions of haste
Miscellaneous
 M - the horn of Geryon
 Q - a lamp of fire
Comestibles
 f - 69 rations


   Skills:
 O Level 27 Fighting
 + Level 3.7(17.7) Short Blades
 O Level 27 Long Blades
 O Level 27 Armour
 + Level 19.1 Dodging
 + Level 10.0 Stealth
 O Level 27 Shields
 + Level 11.9 Invocations
 + Level 8.3 Evocations


You had 26 spell levels left.
You didn't know any spells.
Your spell library contained the following spells:

 Spells                   Type           Power        Failure   Level  Hunger
 Animate Skeleton         Necr           N/A          96%         1    ##.....
 Apportation              Tloc           #.....       96%         1    ##.....
 Confusing Touch          Hex            #.....       96%         1    ##.....
 Corona                   Hex            #......      96%         1    ##.....
 Flame Tongue             Conj/Fire      #....        96%         1    ##.....
 Infusion                 Chrm           #...         96%         1    ##.....
 Magic Dart               Conj           #...         96%         1    ##.....
 Sandblast                Erth           #.....       96%         1    ##.....
 Shock                    Conj/Air       #...         96%         1    ##.....
 Sting                    Conj/Pois      #...         96%         1    ##.....
 Summon Small Mammal      Summ           #...         96%         1    ##.....
 Blink                    Tloc           N/A          99%         2    ###....
 Call Imp                 Summ           #.......     99%         2    ###....
 Corpse Rot               Necr           N/A          99%         2    ###....
 Ensorcelled Hibernation  Hex/Ice        #.....       99%         2    ###....
 Passwall                 Tmut/Erth      #.......     99%         2    ###....
 Poisonous Vapours        Pois/Air       #.....       99%         2    ###....
 Searing Ray              Conj           #.....       99%         2    ###....
 Shroud of Golubria       Chrm/Tloc      #.....       99%         2    ###....
 Slow                     Hex            #.......     99%         2    ###....
 Song of Slaying          Chrm           #.......     99%         2    ###....
 Sublimation of Blood     Necr           #.........   99%         2    ###....
 Swiftness                Chrm/Air       #.......     99%         2    ###....
 Throw Flame              Conj/Fire      #.....       99%         2    ###....
 Throw Frost              Conj/Ice       #.....       99%         2    ###....
 Call Canine Familiar     Summ           #.......     100%        3    ####...
 Confuse                  Hex            #.......     100%        3    ####...
 Conjure Flame            Conj/Fire      #.......     100%        3    ####...
 Dazzling Spray           Conj/Hex       #.....       100%        3    ####...
 Gell's Gravitas          Tloc           #.........   100%        3    ####...
 Inner Flame              Hex/Fire       #.......     100%        3    ####...
 Lesser Beckoning         Tloc           #.........   100%        3    ####...
 Mephitic Cloud           Conj/Pois/Air  #.......     100%        3    ####...
 Portal Projectile        Hex/Tloc       #.....       100%        3    ####...
 Recall                   Summ/Tloc      N/A          100%        3    ####...
 Regeneration             Chrm/Necr      #.........   100%        3    ####...
 Spectral Weapon          Hex/Chrm       #.......     100%        3    ####...
 Static Discharge         Conj/Air       #.......     100%        3    ####...
 Stone Arrow              Conj/Erth      #.....       100%        3    ####...
 Summon Guardian Golem    Hex/Summ       #.......     100%        3    ####...
 Teleport Other           Tloc           #.......     100%        3    ####...
 Airstrike                Air            #.........   100%        4    #####..
 Cause Fear               Hex            #.........   100%        4    #####..
 Force Lance              Conj/Tloc      #.......     100%        4    #####..
 Fulminant Prism          Conj/Hex       #.........   100%        4    #####..
 Ice Form                 Ice/Tmut       #.......     100%        4    #####..
 Iskenderun's Mystic Bla  Conj           #.......     100%        4    #####..
 Leda's Liquefaction      Hex/Erth       #.........   100%        4    #####..
 Passage of Golubria      Tloc           N/A          100%        4    #####..
 Petrify                  Tmut/Erth      #.......     100%        4    #####..
 Summon Ice Beast         Ice/Summ       #.......     100%        4    #####..
 Summon Lightning Spire   Summ/Air       #.......     100%        4    #####..
 Throw Icicle             Conj/Ice       #.......     100%        4    #####..
 Agony                    Necr           #.......     100%        5    ######.
 Aura of Abjuration       Summ           #.........   100%        5    ######.
 Bolt of Draining         Conj/Necr      #.........   100%        5    ######.
 Bolt of Magma            Conj/Fire/Erth #.........   100%        5    ######.
 Borgnjor's Vile Clutch   Necr/Erth      #.........   100%        5    ######.
 Dispel Undead            Necr           #.......     100%        5    ######.
 Excruciating Wounds      Chrm/Necr      #.........   100%        5    ######.
 Irradiate                Conj/Tmut      #.........   100%        5    ######.
 Iskenderun's Battlesphe  Conj/Chrm      #.......     100%        5    ######.
 Lee's Rapid Deconstruct  Erth           #.........   100%        5    ######.
 Lightning Bolt           Conj/Air       #.........   100%        5    ######.
 Metabolic Englaciation   Hex/Ice        #.........   100%        5    ######.
 Silence                  Hex/Air        #.........   100%        5    ######.
 Summon Demon             Summ           #.........   100%        5    ######.
 Summon Forest            Summ/Tloc      #.........   100%        5    ######.
 Summon Mana Viper        Hex/Summ       #.......     100%        5    ######.
 Venom Bolt               Conj/Pois      #.........   100%        5    ######.
 Yara's Violent Unravell  Hex/Tmut       #.........   100%        5    ######.
 Conjure Ball Lightning   Conj/Air       #.........   100%        6    #######
 Darkness                 Hex            #.........   100%        6    #######
 Deflect Missiles         Chrm/Air       #.........   100%        6    #######
 Dispersal                Tloc           #.........   100%        6    #######
 Freezing Cloud           Conj/Ice/Air   #.........   100%        6    #######
 Hydra Form               Tmut           #.........   100%        6    #######
 Iron Shot                Conj/Erth      #.........   100%        6    #######
 Poison Arrow             Conj/Pois      #.........   100%        6    #######
 Shadow Creatures         Summ           N/A          100%        6    #######
 Statue Form              Tmut/Erth      #........    100%        6    #######
 Dragon Form              Tmut           #.........   100%        7    #######
 Haunt                    Necr/Summ      #.........   100%        7    #######
 Malign Gateway           Summ/Tloc      #.........   100%        7    #######
 Orb of Destruction       Conj           #.........   100%        7    #######
 Ring of Flames           Chrm/Fire      #.........   100%        7    #######
 Spellforged Servitor     Conj/Summ      #.........   100%        7    #######
 Summon Hydra             Summ           #.........   100%        7    #######
 Borgnjor's Revivificati  Necr           #.........   100%        8    #######
 Chain Lightning          Conj/Air       #.........   100%        8    #######
 Controlled Blink         Tloc           N/A          100%        8    #######
 Death's Door             Chrm/Necr      #.........   100%        8    #######
 Discord                  Hex            #.........   100%        8    #######
 Disjunction              Tloc           #.........   100%        8    #######
 Ignition                 Fire           #.........   100%        8    #######
 Infestation              Necr           #.........   100%        8    #######
 Lehudib's Crystal Spear  Conj/Erth      #.........   100%        8    #######
 Necromutation            Tmut/Necr      #.........   100%        8    #######
 Fire Storm               Conj/Fire      #.........   100%        9    #######
 Glaciate                 Conj/Ice       #.........   100%        9    #######
 Shatter                  Erth           #.........   100%        9    #######
 Tornado                  Air            #.........   100%        9    #######


Dungeon Overview and Level Annotations

Branches:
Dungeon (15/15)            Temple (1/1) D:4            Lair (6/6) D:8
  Swamp (4/4) Lair:4        Snake (4/4) Lair:4        Slime (5/5) Lair:6
    Orc (2/2) D:11            Elf (3/3) Orc:2        Vaults (5/5) D:13
  Crypt (3/3) Vaults:3       Tomb (0/3) Crypt:3      Depths (5/5) D:15
   Hell (visited)             Dis (0/7) Hell            Geh (1/7) Hell
    Coc (0/7) Hell            Tar (0/7) Hell            Zot (5/5) Depths:5
 Bailey (visited)           IceCv (visited)         Volcano (visited)
Gauntlet (visited)

Altars:
Ashenzari
Cheibriados
Dithmenos
Elyvilon
Fedhas
Gozag
Hepliaklqana
Kikubaaqudgha
Makhleb
Nemelex Xobeh
Okawaru
Qazlal
Ru
Sif Muna
Trog
Uskayaw
Vehumet
Wu Jian
Xom
Yredelemnul
Zin
The Shining One
Beogh
Jiyva

Shops:
D:10 !   Orc:1 =%(*   Orc:2 ![:[?   Elf:1 (   Elf:2 ?   Snake:4 }==
Vaults:3 !   Vaults:5 !%?   Crypt:3 *   Depths:4 !

Portals:
Hell: Depths:1 Depths:2 Depths:3 Depths:4 Depths:5
Abyss: Depths:2 Depths:4
Pandemonium: Depths:2 Depths:3 Depths:5
Ziggurat: Depths:4

Annotations:
Pan Cerebov


Innate Abilities, Weirdness & Mutations

You reflexively headbutt those who attack you in melee.
You have a pair of horns on your head.
You are surrounded by a mild repulsion field. (EV +2)
You tend to lose your temper in combat.
Armour fits poorly on your strangely shaped body.
Your body often deteriorates upon taking damage.
You are dopey. (Int -2)
Your magical capacity is low. (-10% MP)
You occasionally shout uncontrollably at your foes.
You are resistant to electric shocks. (rElec)
Your muscles are strong. (Str +2)
Your spells are a little easier to cast, but a little less powerful.


Message History

The Brimstone Fiend partially resists.
The great blast of fire engulfs the balrug!!
The balrug partially resists.
The great blast of fire engulfs the balrug!!
The balrug partially resists.
You block Cerebov's attack. The Brimstone Fiend gestures at you.
The sphere of damnation explodes!
The damnation engulfs you!!
* * * LOW HITPOINT WARNING * * *
The damnation engulfs Cerebov.
Cerebov completely resists.
The damnation engulfs the Brimstone Fiend.
The Brimstone Fiend completely resists.
The balrug shouts!
Blink to where?
Press: ? - help, Dir - move target cursor You are very lightly contaminated with residual magic.
As you read the scroll of blinking, it crumbles to dust.
Cerebov shouts, "Thy heart shall be my refection!"
The balrug gestures at you. Something smites you!
You die...

......................###..)).###
#..................... #.#.#.# #
#..##..##..##..##..## #.....# #
###########################.#####
#..................(....###.###..
'.#####################.#.....#.#
..#####################'###.###'#
###....5552&○1☼...#.......#.#....
# ###..532#####@.#.#.#.#..)..#.#
# ##'55## #..#.............. #
#...# #..#.#............ # ......
#..#.............. # .......
#..#.#.)........(. # ..........
#..'.............. # '##.......
####.#............ # #.#...#.#
#.............. # #.#............


You could see Cerebov, a Brimstone Fiend, a balrug and an ufetubus.

Vanquished Creatures
  the Royal Jelly (Slime:5)
  2 ancient liches
  2 pandemonium lords (Pan)
  Margery (Vaults:1)
  A Killer Klown (Zot:4)
  Saint Roka (Depths:2)
  the Lernaean hydra (Swamp:4)
  4 curse toes
  Nikola (Vaults:2)
  Geryon (Hell)
  6 golden dragons
  A profane servitor (Abyss:1)
  The ghost of Fainec the Devastator, a veteran GrEE of Lugonu (Crypt:3)
  Jory (Depths:1)
  3 bone dragons
  A Brimstone Fiend (Pan)
  A Tzitzimitl (Pan)
  An electric golem (Zot:1)
  8 liches
  A Hell Sentinel (Abyss:2)
  11 Ice Fiends
  12 tentacled monstrosities
  3 deep elf master archers
  The ghost of toxicsyntax the Warrior, an adept MfSk of the Shining One (Elf:2)
  12 acid blobs
  3 titans (Vaults:5)
  2 deep elf blademasters (Elf:3)
  7 quicksilver dragons
  12 tentacled starspawn
  4 ancient champions
  6 death cobs
  2 thorn hunters
  14 tengu reavers
  The ghost of Zabaguy the Cruncher, an adept GnWn of Ashenzari (Snake:3)
  8 sphinxes
  2 storm dragons (shapeshifter) (Depths:3)
  A warmonger (Pan)
  13 draconian monks
  6 storm dragons
  The ghost of Qymaymp the Geomancer, an adept GrEE of Vehumet (D:14)
  4 revenants
  Donald (Crypt:2)
  11 nagarajas
  15 fire giants
  9 azure jellies
  9 shadow dragons
  5 draconian knights
  A corrupter (Pan)
  19 frost giants
  4 iron dragons
  An iron dragon (shapeshifter) (Depths:3)
  Aizul (Crypt:1)
  2 ghost moths (Depths:3)
  A caustic shrike zombie (Crypt:3)
  6 deep elf sorcerers (Elf:3)
  3 cacodemons
  Louise (Depths:4)
  16 vault wardens
  8 deep elf elementalists
  3 draconian scorchers
  5 draconian shifters
  2 ghouls
  9 draconian annihilators
  2 spriggan defenders (Depths:4)
  5 reapers
  8 curse skulls
  17 balrugs
  5 war gargoyles
  A blood saint (Pan)
  3 draconian stormcallers
  13 vampire knights
  24 stone giants
  15 ironheart preservers
  28 very ugly things
  6 deep elf demonologists
  A lorocyproca (Pan)
  15 green draconians
  12 black draconians
  12 deep elf annihilators
  7 white draconians
  A black sun (Pan)
  A minotaur (Gauntlet)
  6 yellow draconians
  6 eidola
  9 purple draconians
  15 spark wasps
  9 red draconians
  2 blizzard demons
  5 crystal guardians
  The ghost of Ochuint the Fighter, a journeyman DsGl of Qazlal (D:13)
  11 deep elf death magi
  17 jiangshi
  Snorg (D:10)
  9 death oozes
  18 ettins
  2 green deaths
  Josephine (Orc:1)
  19 yaktaur captains
  18 ogre magi
  13 fire dragons
  Erolcha (Orc:2)
  8 great orbs of eyes
  6 rakshasas
  12 ice dragons
  7 deep elf high priests
  34 vault guards
  A monstrous demonspawn (Pan)
  A hell beast (Pan)
  7 naga warriors
  23 hydras
  2 shambling mangroves
  A juggernaut simulacrum (Depths:3)
  6 spriggan air magi
  3 catoblepae
  51 two-headed ogres
  A two-headed ogre (shapeshifter) (Vaults:4)
  Erica (D:8)
  13 anacondas
  6 death knights
  34 dancing weapons
  10 centaur warriors
  9 deep troll earth magi
  20 alligators
  9 deep troll shamans
  4 hell hogs
  7 shock serpents
  4 tengu warriors
  2 thrashing horrors
  3 death yaks (Lair:5)
  15 vampire magi
  Urug (D:10)
  2 titan zombies (Crypt:2)
  5 spriggan berserkers
  The ghost of Mrkan the Grappler, a novice TrHu of Elyvilon (D:7)
  2 iron golems (Hell)
  23 sun demons
  21 deep elf knights
  Sonja (D:11)
  14 wretched stars
  Nergalle (Orc:2)
  8 naga sharpshooters
  17 hell knights
  4 shadow wraiths
  23 soul eaters
  A titan skeleton (Crypt:3)
  A fire crab (D:15)
  16 spriggans
  3 iron trolls
  5 sixfirhies
  17 skeletal warriors
  A salamander mystic (Depths:1)
  A fire crab (shapeshifter) (D:14)
  9 sea snakes
  3 death drakes (Depths:5)
  An unseen horror (Abyss:3)
  3 infernal demonspawn (Pan)
  A cherub (Pan)
  6 shadow demons
  3 spatial maelstroms
  A gelid demonspawn (Pan)
  7 flayed ghosts
  2 spriggan druids
  20 deep elf archers
  42 starcursed masses
  2 naga ritualists
  3 obsidian statues
  5 glowing orange brains
  A ghost moth zombie (Abyss:1)
  10 swamp dragons
  9 orc knights
  A lindwurm (shapeshifter) (Abyss:2)
  37 deep trolls
  4 wizards
  5 lindwurms
  2 wolf spider zombies
  A golden dragon skeleton (Crypt:2)
  18 phantasmal warriors
  16 ironbrand convokers
  A shadow dragon skeleton (Abyss:1)
  9 necromancers
  5 oklob plants
  64 deep elf magi
  A harpy (shapeshifter) (Vaults:4)
  4 wolf spiders
  5 frost giant zombies (Depths:1)
  9 harpies
  6 mana vipers
  2 worldbinders
  34 ugly things
  4 manticores
  10 shining eyes
  A salamander (shapeshifter) (Vaults:1)
  A cyclops (shapeshifter) (Vaults:5)
  6 orc sorcerers
  2 fire giant zombies (Depths:1)
  11 salamanders
  An elephant (shapeshifter) (Depths:3)
  7 cyclopes
  16 moths of wrath
  18 elephants
  A stone giant skeleton (Hell)
  13 naga magi
  21 vault sentinels
  16 guardian serpents
  3 ice statues
  A black mamba (shapeshifter) (Vaults:5)
  34 black mambas
  13 smoke demons
  2 eyes of devastation
  5 rust devils (Hell)
  6 apocalypse crabs
  4 centaur zombies
  A black draconian zombie (Crypt:2)
  10 orange demons
  3 gargoyles
  A rime drake (shapeshifter) (D:15)
  3 hellions
  21 spiny frogs
  2 rime drakes
  11 freezing wraiths
  A yaktaur (shapeshifter) (Vaults:4)
  9 demonic crawlers
  7 efreet
  2 tormentors
  57 yaktaurs
  9 ancient zymes
  4 kobold demonologists
  A guardian mummy (Crypt:3)
  7 hellwings
  13 ice devils
  A tengu conjurer (D:15)
  7 komodo dragons
  A white draconian skeleton (Crypt:3)
  A yellow draconian skeleton (Crypt:3)
  A queen bee (shapeshifter) (Vaults:3)
  2 queen bees
  6 trolls
  A meliai (shapeshifter) (Vaults:1)
  19 red devils
  17 hornets
  7 meliai
  A wolf spider simulacrum (Crypt:2)
  3 hydra zombies
  A jumping spider (shapeshifter) (Depths:3)
  A polar bear (shapeshifter) (Vaults:2)
  A hornet (shapeshifter) (Depths:2)
  9 tyrant leeches
  8 polar bears
  A troll (shapeshifter) (Vaults:2)
  A moth of wrath zombie (Crypt:3)
  4 wind drakes (Depths:5)
  A slime creature (shapeshifter) (Depths:3)
  A wind drake (shapeshifter) (Depths:4)
  13 bog bodies
  A hydra skeleton (Hell)
  2 harpy skeletons
  14 blink frogs
  159 slime creatures
  18 raiju
  An air elemental (Elf:1)
  A hippogriff (Lair:6)
  An ice dragon zombie (Crypt:1)
  2 stone giant simulacra
  15 dream sheep
  A dream sheep (shapeshifter) (Depths:3)
  A tarantella zombie (Crypt:1)
  An ettin skeleton (Hell)
  26 flying skulls
  A fire giant simulacrum (Vaults:2)
  An alligator skeleton (Hell)
  3 water elementals (Depths:4)
  A fire dragon skeleton (Crypt:2)
  A spriggan (shapeshifter) (Depths:5)
  6 shadows
  4 wyverns
  A vampire (D:13)
  39 yaks
  14 wraiths
  16 ynoxinuls
  8 fire elementals
  A black mamba skeleton (Crypt:3)
  A hog (shapeshifter) (Depths:3)
  A basilisk (shapeshifter) (Vaults:3)
  13 golden eyes
  A yak (shapeshifter) (Abyss:2)
  A wind drake zombie (Crypt:1)
  8 fire bats
  Grum (D:10)
  3 basilisks
  17 neqoxecs
  8 chaos spawn
  17 vampire mosquitoes
  A torturous demonspawn zombie (Crypt:3)
  28 large abominations
  12 insubstantial wisps
  6 wargs
  23 small abominations
  4 spatial vortices (Abyss:3)
  59 nagas
  10 water moccasins
  3 acid dragons
  A hydra simulacrum (Abyss:1)
  11 hell hounds
  14 swamp worms
  2 porcupines
  3 spiny frog zombies (Hell)
  20 swamp drakes
  29 orc warriors
  4 black bears
  7 ice beasts
  A spiny frog skeleton (Hell)
  4 sky beasts
  A black bear (shapeshifter) (Vaults:3)
  A blink frog zombie (Crypt:2)
  An alligator simulacrum (Hell)
  3 eyes of draining
  A necrophage (D:6)
  2 phantoms
  14 boggarts
  23 centaurs
  33 ogres
  A centaur (shapeshifter) (Vaults:3)
  31 wolves
  A swamp dragon skeleton (Crypt:3)
  A tengu (shapeshifter) (Vaults:5)
  9 big kobolds
  17 crocodiles
  6 bullfrogs
  A fire crab zombie (Crypt:2)
  5 earth elementals (Depths:1)
  A wyvern zombie (D:13)
  A spiny frog simulacrum (Hell)
  A spriggan zombie (Crypt:1)
  A wyvern skeleton (D:13)
  4 scorpions
  11 wights
  30 killer bees
  2 electric eels
  4 howler monkeys
  2 bullfrog zombies
  17 crimson imps
  4 quasits
  3 jellies
  5 hounds
  13 orc priests
  2 bullfrog skeletons
  5 centaur skeletons
  37 orc wizards
  5 iguanas
  5 iron imps
  9 worker ants
  4 hell rats (Hell)
  A killer bee zombie (D:6)
  A crocodile zombie (Crypt:2)
  A tengu skeleton (Crypt:3)
  2 hound skeletons
  12 mummies (Crypt:3)
  A howler monkey skeleton (D:5)
  8 gnolls
  26 adders
  A naga simulacrum (Crypt:3)
  7 shadow imps
  11 white imps
  15 ufetubi
  2 oozes
  An iguana zombie (Crypt:2)
  An adder skeleton (D:5)
  2 worms (D:2)
  A dart slug (D:3)
  6 leopard geckos
  99 orcs
  12 giant cockroaches
  A gnoll zombie (Crypt:2)
  9 goblins
  6 hobgoblins
  11 jackals
  3 quokkas
  9 ball pythons
  A ball python skeleton (Crypt:2)
  7 bats
  5 frilled lizards
  2 goblin skeletons (Crypt:3)
  19 kobolds
  2 orc skeletons
  5 rats
  2 briar patches (Swamp:2)
  A bush (Lair:1)
  2 fungi
  4 plants
  8 starspawn tentacles
3197 creatures vanquished.

Vanquished Creatures (others)
  A war gargoyle (Hell)
  A blood saint (Pan)
  An alligator (Swamp:2)
  A two-headed ogre (Volcano)
  2 deep elf knights (Elf:1)
  A spriggan druid (Swamp:4)
  An unseen horror (Vaults:1)
  A spriggan (Swamp:4)
  A vampire mosquito (Swamp:4)
  An orc wizard (Orc:2)
  An adder (Snake:1)
  3 white imps (IceCv)
  4 ufetubi (IceCv)
  A ball python (Snake:1)
  A kobold (D:15)
  14 demonic plants (Gauntlet)
  6 fungi
  4 lurking horrors
  14 plants
  20 starspawn tentacles
79 creatures vanquished.

Grand Total: 3276 creatures vanquished

Notes
Turn   | Place    | Note
-------+----------+-------------------------------------------
     0 | D:1      | Peloso the Minotaur Fighter began the quest for the Orb.
     0 | D:1      | Reached XP level 1. HP: 19/19 MP: 0/0
    55 | D:1      | Reached XP level 2. HP: 26/27 MP: 1/1
   219 | D:1      | Reached XP level 3. HP: 25/33 MP: 2/2
   792 | D:2      | Found a faded altar of an unknown god.
   847 | D:2      | Reached XP level 4. HP: 36/40 MP: 3/3
  1489 | D:3      | Found a shattered altar of Ashenzari.
  1709 | D:3      | Reached XP level 5. HP: 46/46 MP: 4/4
  1817 | D:3      | Reached skill level 5 in Shields
  1905 | D:3      | Reached skill level 1 in Dodging
  2601 | D:4      | Reached XP level 6. HP: 53/53 MP: 5/5
  2765 | D:4      | Found an ancient bone altar of Kikubaaqudgha.
  2768 | D:4      | Found a hide-covered altar of Uskayaw.
  2769 | D:4      | Found a shadowy altar of Dithmenos.
  2911 | D:4      | Found a stormy altar of Qazlal.
  3014 | D:4      | Found a hazy altar of Hepliaklqana.
  3207 | D:4      | Found a staircase to the Ecumenical Temple.
  3213 | Temple   | Entered the Ecumenical Temple
  3227 | Temple   | Became a worshipper of Warmaster Okawaru
  3354 | D:5      | Entered Level 5 of the Dungeon
  3388 | D:5      | Found an ornate altar of the Wu Jian Council.
  3399 | D:5      | Reached skill level 5 in Armour
  3528 | D:5      | Reached skill level 5 in Long Blades
  3686 | D:5      | Reached XP level 7. HP: 60/60 MP: 6/6
  4036 | D:5      | Reached * piety under Okawaru
  4422 | D:6      | Found an ornate altar of the Wu Jian Council.
  4625 | D:6      | Found a glowing silver altar of Zin.
  4729 | D:7      | Reached XP level 8. HP: 67/67 MP: 7/7
  4745 | D:7      | Found a transporter.
  4857 | D:7      | Reached ** piety under Okawaru
  5073 | D:7      | Reached skill level 5 in Fighting
  5225 | D:7      | Found a transporter.
  5225 | D:7      | Noticed Mrkan's ghost (novice TrHu)
  5226 | D:7      | Identified the +9 great mace of Youthful Indiscretion
                  | {crush, rN+ MR- MP+9 Dex+3}
  5524 | D:8      | Noticed Erica
  5531 | D:8      | Noticed a two-headed ogre
  5546 | D:8      | Killed Erica
  5546 | D:8      | Reached *** piety under Okawaru
  5546 | D:8      | Reached skill level 1 in Short Blades
  5546 | D:8      | Reached XP level 9. HP: 55/75 MP: 6/8
  5551 | D:8      | Killed a two-headed ogre
  5551 | D:8      | Reached skill level 10 in Shields
  5667 | D:8      | Found a staircase to the Lair.
  5750 | D:8      | Reached skill level 10 in Long Blades
  5752 | D:8      | Reached **** piety under Okawaru
  5754 | D:8      | Reached skill level 1 in Invocations
  5797 | D:8      | Noticed a three-headed hydra
  5804 | D:8      | Killed a one-headed hydra
  5804 | D:8      | Reached ***** piety under Okawaru
  5804 | D:8      | Reached XP level 10. HP: 82/84 MP: 10/10
  6130 | D:9      | Found a glowing golden altar of the Shining One.
  6639 | D:10     | Entered Level 10 of the Dungeon
  6680 | D:10     | Found a runed translucent door.
  6736 | D:10     | Found a runed translucent door.
  6744 | D:10     | Noticed Snorg
  6774 | D:10     | Killed Snorg
  6859 | D:10     | Found a runed translucent door.
  6869 | D:10     | Found a runed translucent door.
  6938 | D:10     | Noticed Grum
  6949 | D:10     | Received a gift from Okawaru
  6963 | D:10     | Killed Grum
  7149 | D:10     | Found Byjintou's Distillery.
  7165 | D:10     | Bought a potion of degeneration for 12 gold pieces
  7165 | D:10     | Bought a potion of heal wounds for 60 gold pieces
  7165 | D:10     | Bought a potion of agility for 48 gold pieces
  7165 | D:10     | Bought a potion of mutation for 96 gold pieces
  7165 | D:10     | Bought a potion of might for 48 gold pieces
  7165 | D:10     | Bought a potion of flight for 36 gold pieces
  7194 | D:10     | Noticed Urug
  7208 | D:10     | Killed Urug
  7208 | D:10     | Reached XP level 11. HP: 81/92 MP: 8/11
  7596 | D:11     | Noticed a two-headed ogre
  7596 | D:11     | Noticed a two-headed ogre
  7608 | D:11     | Killed a two-headed ogre
  7624 | D:11     | Killed a two-headed ogre
  7660 | D:11     | Got a transparent great sword
  7661 | D:11     | Identified the +11 great sword of Watchfulness {pain, rElec
                  | rF+ MR+} (You found it on level 11 of the Dungeon)
  7861 | D:11     | Found a stormy altar of Qazlal.
  8089 | D:11     | Found a staircase to the Orcish Mines.
  8176 | D:11     | Noticed a white ugly thing
  8189 | D:11     | Killed a white ugly thing
  8529 | D:7      | Killed Mrkan's ghost
  8602 | Lair:1   | Entered Level 1 of the Lair of Beasts
  8803 | Lair:1   | Noticed a six-headed hydra
  8813 | Lair:1   | Killed a one-headed hydra
  8813 | Lair:1   | Received a gift from Okawaru
  9898 | Lair:2   | Reached XP level 12. HP: 87/102 MP: 10/12
 10341 | Lair:2   | Noticed a six-headed hydra
 10352 | Lair:2   | Killed a two-headed hydra
 10507 | Lair:3   | Reached skill level 10 in Armour
 10508 | Lair:3   | Noticed an ice dragon
 10524 | Lair:3   | Killed an ice dragon
 10534 | Lair:3   | Reached ****** piety under Okawaru
 10608 | Lair:3   | Received a gift from Okawaru
 10697 | Lair:3   | Found a dark tunnel.
 10706 | Volcano  | Entered a volcano
 10746 | Volcano  | Noticed a two-headed ogre
 10762 | Volcano  | Killed a two-headed ogre
 10803 | Volcano  | Killed a two-headed ogre
 11385 | Lair:3   | Reached skill level 15 in Shields
 12060 | Lair:4   | Reached skill level 1 in Stealth
 12063 | Lair:4   | Found a staircase to the Swamp.
 12261 | Lair:4   | Noticed a four-headed hydra
 12273 | Lair:4   | Killed a one-headed hydra
 12273 | Lair:4   | Reached skill level 15 in Long Blades
 12273 | Lair:4   | Reached XP level 13. HP: 111/112 MP: 11/13
 12407 | Lair:4   | Found a staircase to the Snake Pit.
 12948 | Lair:1   | Identified a scroll of acquirement
 13193 | D:12     | Received a gift from Okawaru
 13193 | D:12     | Reached skill level 10 in Fighting
 13936 | D:13     | Noticed Ochuint's ghost (journeyman DsGl)
 13939 | D:13     | Noticed a tengu reaver
 13996 | D:13     | Found a transporter.
 14005 | D:13     | Found a transporter.
 14046 | D:13     | Found a gate to the Vaults.
 14361 | D:13     | Received a gift from Okawaru
 14367 | D:13     | Got a smoking short sword {god gift}
 14368 | D:13     | Identified the +10 short sword of Senil {pierce, rElec rN+}
                  | (Okawaru gifted it to you on level 13 of the Dungeon)
 15278 | Orc:1    | Entered Level 1 of the Orcish Mines
 15278 | Orc:1    | Noticed Sonja
 15278 | Orc:1    | Noticed Josephine
 15286 | D:11     | Killed Sonja
 15387 | D:11     | Reached XP level 14. HP: 122/124 MP: 14/14
 15395 | Orc:1    | Killed Josephine
 15404 | Orc:1    | Found Atebbysei's Antique Weapon Boutique.
 15429 | Orc:1    | Found Tupn's Assorted Antiques.
 15446 | Orc:1    | Found a roughly hewn altar of Beogh.
 15600 | Orc:2    | Entered Level 2 of the Orcish Mines
 15619 | Orc:2    | Found Keastris's Armour Shoppe.
 15778 | Orc:2    | Found a staircase to the Elven Halls.
 15812 | Orc:2    | Received a gift from Okawaru
 15860 | Orc:2    | Got a smelly plate armour {god gift}
 15871 | Orc:2    | Identified the +0 plate armour of Happy Babbling {Int+5}
                  | (Okawaru gifted it to you on level 2 of the Orcish Mines)
 16347 | Orc:2    | Found Cal Kuza's Distillery.
 16385 | Orc:2    | Found a radiant altar of Vehumet.
 16385 | Orc:2    | Noticed Erolcha
 16402 | Orc:2    | Killed Erolcha
 16410 | Orc:2    | Found Kinar's Antique Armour Boutique.
 16431 | Orc:2    | Noticed Nergalle
 16434 | Orc:2    | Found an ancient bone altar of Kikubaaqudgha.
 16441 | Orc:2    | Killed Nergalle
 16546 | Orc:2    | Bought a glowing large shield for 195 gold pieces
 16645 | Orc:2    | Found a roughly hewn altar of Beogh.
 16654 | Orc:2    | Found Qeaqac's Book Shop.
 16675 | Orc:2    | Found Foxebi's Magic Scroll Shop.
 16998 | Orc:1    | Found Xuwkutas's Jewellery Emporium.
 16998 | Orc:1    | Paralysed by an orc sorcerer for 6 turns
 17029 | Orc:1    | Found Pizyid's Food Boutique.
 17030 | Orc:1    | Bought the amulet "Cyvyanup" {+Rage rElec rPois rN+ MR+}
                  | for 884 gold pieces
 18094 | Lair:5   | You fall into a shaft and drop 1 floor!
 18094 | Lair:6   | Entered Level 6 of the Lair of Beasts
 18164 | Lair:6   | Received a gift from Okawaru
 18202 | Lair:6   | Found a staircase to the Slime Pits.
 18202 | Lair:6   | Found a viscous altar of Jiyva.
 18210 | Lair:6   | Found a gate leading to a gauntlet.
 18219 | Gauntlet | Entered a Gauntlet
 18219 | Gauntlet | Found a transporter.
 18219 | Gauntlet | Found a transporter.
 18219 | Gauntlet | Found a transporter.
 18222 | Gauntlet | Found a transporter.
 18223 | Gauntlet | Found a transporter.
 18235 | Gauntlet | Found a transporter.
 18241 | Gauntlet | Found a transporter.
 18250 | Gauntlet | Found a transporter.
 18251 | Gauntlet | Found a transporter.
 18257 | Gauntlet | Found a transporter.
 18258 | Gauntlet | Found a transporter.
 18277 | Gauntlet | Found a transporter.
 18610 | Gauntlet | Got a twitching bronze ring
 18619 | Gauntlet | Identified the ring "Nithiset" {+Inv rC+} (You found it in
                  | a Gauntlet)
 18714 | Gauntlet | Identified the Tome of Mutagenic Curses
 18723 | Gauntlet | Got a faintly glowing ring mail
 18747 | Gauntlet | Identified the +1 ring mail of Hadjma {Int+5} (You found it
                  | in a Gauntlet)
 18953 | Lair:6   | Got an ancient pewter ring
 18955 | Lair:6   | Identified the ring of Eternity {*Tele rF- rC+ MR+ Int+4}
                  | (You found it on level 6 of the Lair of Beasts)
 19362 | Lair:5   | Reached XP level 15. HP: 100/134 MP: 15/15
 22472 | Lair:6   | Received a gift from Okawaru
 23198 | D:14     | Found a runed translucent gate.
 23198 | D:14     | Found a runed translucent gate.
 23198 | D:14     | Found a runed translucent gate.
 23198 | D:14     | Noticed Qymaymp's ghost (adept GrEE)
 23383 | D:14     | Received a gift from Okawaru
 23489 | D:14     | Found a flagged portal.
 23685 | Bailey   | Entered a bailey
 23928 | Bailey   | Got an encrusted cloak
 23939 | Bailey   | Identified the +2 cloak of Light {rElec rPois Regen+} (You
                  | found it in a bailey)
 24588 | D:14     | Killed Qymaymp's ghost
 24632 | D:15     | Entered Level 15 of the Dungeon
 24881 | D:15     | Found a staircase to the Depths.
 24882 | D:15     | Noticed a fire giant
 25280 | D:15     | Found a sacrificial altar of Ru.
 25325 | D:15     | Killed a fire giant
 25804 | Swamp:1  | Entered Level 1 of the Swamp
 25951 | Swamp:1  | Received a gift from Okawaru
 25989 | Swamp:1  | Reached XP level 16. HP: 127/144 MP: 16/16
 26238 | Swamp:1  | Received a gift from Okawaru
 27368 | Swamp:2  | Noticed a thorn hunter
 27381 | Swamp:2  | Killed a thorn hunter
 27699 | Swamp:3  | Found the brooch of Shielding {Reflect SH+8}
 27699 | Swamp:3  | Noticed a thorn hunter
 27707 | Swamp:3  | Killed a thorn hunter
 28114 | Swamp:3  | Received a gift from Okawaru
 28117 | Swamp:3  | Got a bloodstained ring mail {god gift}
 28128 | Swamp:3  | Identified the +5 ring mail "Wemuo" {-Tele rF++} (Okawaru
                  | gifted it to you on level 3 of the Swamp)
 28616 | Swamp:4  | Entered Level 4 of the Swamp
 29447 | Swamp:4  | Noticed the 27-headed Lernaean hydra
 29511 | Swamp:4  | Got a decaying rune of Zot
 29876 | Swamp:4  | Killed the 23-headed Lernaean hydra
 29876 | Swamp:4  | Reached XP level 17. HP: 143/154 MP: 10/17
 29885 | Swamp:4  | Received a gift from Okawaru
 31080 | Snake:1  | Entered Level 1 of the Snake Pit
 31214 | Snake:1  | Found a frozen archway.
 31244 | IceCv    | Entered an ice cave
 31444 | IceCv    | Got a pair of steaming gloves
 31455 | IceCv    | Identified the +0 pair of gloves of Kuegh {rF+ Regen+} (You
                  | found it in an ice cave)
 31523 | IceCv    | Noticed an Ice Fiend
 31526 | IceCv    | Noticed an Ice Fiend
 31713 | IceCv    | Killed an Ice Fiend
 32373 | IceCv    | Found the +2 Maxwell's thermic engine {flame, freeze}
 32562 | IceCv    | Killed an Ice Fiend
 32562 | IceCv    | Reached skill level 15 in Fighting
 33223 | Snake:2  | Received a gift from Okawaru
 33674 | Snake:2  | Reached skill level 15 in Armour
 34669 | Snake:3  | Found a large runed translucent door.
 34670 | Snake:3  | Found a large runed translucent door.
 34673 | Snake:3  | Noticed Zabaguy's ghost (adept GnWn)
 34737 | Snake:3  | Killed Zabaguy's ghost
 35385 | Snake:4  | Entered Level 4 of the Snake Pit
 35466 | Snake:4  | Found Xaidinor's Gadget Shoppe.
 35466 | Snake:4  | Found Pemurife's Jewellery Shop.
 35467 | Snake:4  | Found Hucwag's Jewellery Shop.
 35597 | Snake:4  | Reached XP level 18. HP: 155/163 MP: 18/18
 35874 | Snake:4  | Received a gift from Okawaru
 35877 | Snake:4  | Got a shimmering scale mail {god gift}
 36839 | Snake:4  | Got a serpentine rune of Zot
 37220 | Vaults:1 | Entered Level 1 of the Vaults
 37316 | Vaults:1 | Received a gift from Okawaru
 37386 | Vaults:1 | Got a transparent dagger {god gift}
 37404 | Vaults:1 | Identified the +7 dagger "Busk" {freeze, Str+5} (Okawaru
                  | gifted it to you on level 1 of the Vaults)
 37575 | Vaults:1 | Found a hide-covered altar of Uskayaw.
 38204 | Vaults:2 | Noticed Margery
 38456 | Vaults:1 | Received a gift from Okawaru
 38456 | Vaults:1 | Reached XP level 19. HP: 160/174 MP: 19/19
 38486 | Vaults:1 | Killed Margery
 38731 | Vaults:2 | Identified the +0 scale mail "Pacsov" {rN+} (Okawaru gifted
                  | it to you on level 4 of the Snake Pit)
 39091 | Vaults:2 | Received a gift from Okawaru
 39106 | Vaults:2 | Got a translucent dagger {god gift}
 39274 | Vaults:2 | Noticed Nikola
 39284 | Vaults:2 | Killed Nikola
 40010 | Elf:1    | Entered Level 1 of the Elven Halls
 40180 | Elf:1    | Received a gift from Okawaru
 40194 | Elf:1    | Got a pitted plate armour {god gift}
 40209 | Elf:1    | Identified the +4 plate armour "Wometema" {*Drain rCorr
                  | Str+4 Int+3} (Okawaru gifted it to you on level 1 of the
                  | Elven Halls)
 40309 | Elf:1    | Identified the Handbook of Conjuration
 40690 | Elf:1    | Found Kyfeff's Weapon Shop.
 41067 | Elf:1    | You are sucked into a shaft and drop 1 floor!
 41085 | Elf:2    | Reached XP level 20. HP: 184/184 MP: 20/20
 41237 | Elf:2    | Found a runed translucent gate.
 41237 | Elf:2    | Found a runed translucent gate.
 41237 | Elf:2    | Found a runed translucent gate.
 41553 | Elf:2    | Found a runed translucent door.
 41553 | Elf:2    | Found a shimmering altar of Xom.
 41553 | Elf:2    | Noticed toxicsyntax's ghost (adept MfSk)
 41560 | Elf:2    | Found Emavou's Magic Scroll Boutique.
 41580 | Elf:2    | Bought a scroll of magic mapping for 42 gold pieces
 41580 | Elf:2    | Bought a scroll of blinking for 90 gold pieces
 41580 | Elf:2    | Bought a scroll of teleportation for 36 gold pieces
 41589 | Elf:2    | Identified the +4 great mace "Egg" {chaos, Fragile rElec
                  | Str+3 Dex+2}
 41608 | Elf:2    | Killed toxicsyntax's ghost
 41608 | Elf:2    | Received a gift from Okawaru
 42243 | Elf:3    | Entered Level 3 of the Elven Halls
 42258 | Elf:3    | Received a gift from Okawaru
 42269 | Elf:3    | Got a shimmering large shield {god gift}
 42275 | Elf:3    | Identified the +7 large shield "Xuqatopu" {Regen+ Str+6
                  | Int+4 Stlth-} (Okawaru gifted it to you on level 3 of the
                  | Elven Halls)
 43237 | Elf:3    | Received a gift from Okawaru
 43289 | Elf:3    | Got a wavering granite ring
 43649 | Lair:1   | Identified the +7 dagger of Bile {vamp, rElec} (Okawaru
                  | gifted it to you on level 2 of the Vaults)
 43666 | Lair:1   | Identified the ring "Jetett" {*Tele Str+3 Int+3} (You found
                  | it on level 3 of the Elven Halls)
 44128 | Elf:3    | Got a transparent turquoise ring
 44130 | Elf:3    | Identified the ring "Genorom" {Ice Int+3} (You found it on
                  | level 3 of the Elven Halls)
 44168 | Elf:3    | Got an ebony hand axe
 44169 | Elf:3    | Identified the cursed +1 hand axe of Peedycwi {chop,
                  | *Corrode rF++ rN+ Int+4} (You found it on level 3 of the
                  | Elven Halls)
 44212 | Elf:3    | Got an ancient broad axe
 44213 | Elf:3    | Identified the +4 broad axe "Demonslayer" {chop, rPois
                  | Dex+7} (You found it on level 3 of the Elven Halls)
 44713 | Orc:2    | Bought 2 potions of heal wounds for 170 gold pieces
 44713 | Orc:2    | Bought a potion of might for 68 gold pieces
 44793 | Orc:2    | Bought a scroll of teleportation for 45 gold pieces
 44888 | Orc:1    | Bought a scroll of acquirement for 1040 gold pieces
 45107 | D:13     | Killed Ochuint's ghost
 45314 | Vaults:3 | Reached XP level 21. HP: 195/195 MP: 21/21
 45395 | Vaults:3 | Reached skill level 27 in Shields
 45589 | Vaults:3 | Found Wunk's Distillery.
 45646 | Vaults:3 | Found a portal to a secret trove of treasure.
 46051 | Vaults:3 | Received a gift from Okawaru
 46324 | Vaults:3 | Found a staircase to the Crypt.
 46324 | Vaults:3 | Found a basalt altar of Yredelemnul.
 46325 | Vaults:3 | Found an ancient bone altar of Kikubaaqudgha.
 46375 | Vaults:3 | Received a gift from Okawaru
 46437 | Vaults:3 | Reached skill level 5 in Dodging
 47019 | Vaults:4 | Received a gift from Okawaru
 47279 | Vaults:4 | Identified Vetotuugh's Collected Works on Enhancements and
                  | Clay
 47824 | Vaults:5 | Entered Level 5 of the Vaults
 47859 | Vaults:4 | Reached XP level 22. HP: 195/209 MP: 22/22
 48250 | Vaults:5 | Received a gift from Okawaru
 48726 | Vaults:5 | Identified the +11 dire flail of Axzaypp {freeze, Int+2}
 48906 | Vaults:5 | Received a gift from Okawaru
 49070 | Vaults:5 | Received a gift from Okawaru
 49078 | Vaults:5 | Got a pair of brightly glowing boots {god gift}
 49164 | Vaults:4 | Identified the +1 pair of boots "Paeras" {rN++ Stlth+}
                  | (Okawaru gifted it to you on level 5 of the Vaults)
 49375 | Vaults:5 | Got a silver rune of Zot
 49422 | Vaults:5 | Found Xuosuc's Distillery.
 49422 | Vaults:5 | Found Sodgh's Food Shoppe.
 49783 | Vaults:5 | Noticed an ancient lich
 49798 | Vaults:5 | Killed an ancient lich
 49798 | Vaults:5 | Identified the amulet "Xeufur" {Reflect rPois Slay-4 SH+2
                  | Stlth+}
 49798 | Vaults:5 | Identified the +1 robe "Jomucim" {Str+4 Int-3 Slay+3}
 49815 | Vaults:5 | Reached XP level 23. HP: 213/222 MP: 23/23
 49854 | Vaults:5 | Identified Raevusseepn's Almanac of Flying Boosts
 50850 | Vaults:5 | Identified a +2 pair of boots of running (You found it on
                  | level 5 of the Vaults)
 51097 | Vaults:5 | Found Boazxup's Magic Scroll Emporium.
 51349 | Vaults:5 | Got a polished spear
 51847 | Depths:1 | Entered Level 1 of the Depths
 52023 | Depths:1 | Received a gift from Okawaru
 52068 | Depths:1 | Identified the +11 demon blade of the Butterfly {pain,
                  | +Blink rElec Str+7 Dex-5}
 52193 | Depths:1 | Identified the +6 dagger "Domoecro" {pierce, Int-2 Dex+5}
 52207 | Depths:1 | Noticed Jory
 52222 | Depths:1 | Killed Jory
 52229 | Depths:1 | Paralysed by a vampire knight for 4 turns
 52267 | Depths:1 | Found a basalt altar of Yredelemnul.
 52571 | Depths:1 | Found a sparkling altar of Nemelex Xobeh.
 52649 | Depths:1 | Found a gateway to Hell.
 52844 | Depths:1 | Received a gift from Okawaru
 53609 | Depths:2 | Found a one-way gate leading to the halls of Pandemonium.
 54005 | Depths:2 | Reached XP level 24. HP: 183/235 MP: 23/23
 54023 | Depths:2 | Noticed Saint Roka
 54035 | Depths:2 | Killed Saint Roka
 54116 | Depths:2 | Found a one-way gate to the infinite horrors of the Abyss.
 54157 | Depths:2 | Received a gift from Okawaru
 54710 | Depths:3 | Received a gift from Okawaru
 54729 | Depths:3 | Got an ancient long sword {god gift}
 54730 | Depths:3 | Identified the +2 spear of Thoughtfulness {antimagic, MP+9}
                  | (You found it on level 5 of the Vaults)
 54732 | Depths:3 | Identified the +4 long sword of Emadee {slice, *Slow +Blink
                  | rN+ MP+9} (Okawaru gifted it to you on level 3 of the
                  | Depths)
 56516 | Depths:4 | You are sucked into a shaft and drop 1 floor!
 56516 | Depths:5 | Entered Level 5 of the Depths
 56544 | Depths:5 | Received a gift from Okawaru
 56722 | Depths:5 | Found a gate to the Realm of Zot.
 56870 | Depths:5 | Reached XP level 25. HP: 243/243 MP: 23/23
 57196 | Depths:5 | Identified the +4 scimitar of Domination {slice, rC+
                  | Stlth+}
 57252 | Depths:5 | Received a gift from Okawaru
 57270 | Depths:5 | Got a smoking shield {god gift}
 57344 | Depths:5 | Identified the +0 shield "Nuotamiz" {Regen+ Dex+4} (Okawaru
                  | gifted it to you on level 5 of the Depths)
 58233 | Depths:4 | Noticed Louise
 58529 | Depths:4 | Found Wuemm's Distillery.
 58583 | Depths:4 | Bought a potion of mutation for 144 gold pieces
 58617 | Depths:4 | Cast into level 2 of the Abyss (Louise)
 58798 | Abyss:2  | Reached skill level 27 in Long Blades
 58829 | Abyss:2  | Gained mutation: Your magical capacity is extremely low.
                  | (-30% MP) [a neqoxec]
 58875 | Depths:4 | Escaped the Abyss
 58878 | Depths:4 | Killed Louise
 59014 | Depths:4 | You are sucked into a shaft and drop 1 floor!
 59578 | Depths:4 | Found a gateway to a ziggurat.
 60071 | Hell     | Entered the Vestibule of Hell
 60071 | Hell     | Noticed Geryon
 60091 | Hell     | Killed Geryon
 60092 | Hell     | Reached skill level 1 in Evocations
 60096 | Hell     | Reached XP level 26. HP: 254/260 MP: 16/21
 60108 | Hell     | Received a gift from Okawaru
 60203 | Hell     | Got a pair of brightly glowing boots {god gift}
 60237 | Hell     | Identified the +0 pair of boots "Riawucw" {*Slow rPois
                  | Int+2} (Okawaru gifted it to you in the Vestibule of Hell)
 61320 | Crypt:1  | Entered Level 1 of the Crypt
 61442 | Crypt:1  | Noticed Aizul
 61452 | Crypt:1  | Killed Aizul
 61988 | Crypt:2  | Reached skill level 27 in Fighting
 62053 | Crypt:2  | Identified the +3 shield of Wenatag {+Inv rElec Regen+
                  | MP-9}
 62053 | Crypt:2  | Noticed Donald
 62761 | Crypt:2  | Killed Donald
 63204 | Crypt:3  | Entered Level 3 of the Crypt
 63222 | Crypt:3  | Reached skill level 5 in Evocations
 63336 | Crypt:3  | Noticed an ancient lich
 63344 | Crypt:3  | Killed an ancient lich
 63344 | Crypt:3  | Received a gift from Okawaru
 63562 | Crypt:3  | Identified the amulet of Dytraam {MR++ Regen+ Int+4}
 63609 | Crypt:3  | Reached skill level 10 in Dodging
 63815 | Crypt:3  | Found a staircase to the Tomb.
 63994 | Crypt:3  | Found the +8 Wrath of Trog {antimagic, *Rage}
 64049 | Crypt:3  | Got a faintly glowing jade ring
 64049 | Crypt:3  | Got an ancient copper ring
 64125 | Crypt:3  | Identified the ring "Ybalix" {rN+ Int+5} (You found it on
                  | level 3 of the Crypt)
 64127 | Crypt:3  | Identified the ring "Ciyr" {rN+ Dex+2} (You found it on
                  | level 3 of the Crypt)
 64230 | Crypt:3  | Found a runed translucent gate.
 64230 | Crypt:3  | Found a runed translucent gate.
 64231 | Crypt:3  | Found an opulent altar of Gozag.
 64231 | Crypt:3  | Found a runed translucent gate.
 64233 | Crypt:3  | Noticed Fainec's ghost (veteran GrEE)
 64233 | Crypt:3  | Found Bavainom's Assorted Antiques.
 64255 | Crypt:3  | Killed Fainec's ghost
 64255 | Crypt:3  | Received a gift from Okawaru
 64331 | Crypt:3  | Got a transparent hat {god gift}
 64343 | Crypt:3  | Identified the +0 hat of Circular Logic {+Blink rPois rF+
                  | Str-5} (Okawaru gifted it to you on level 3 of the Crypt)
 65573 | Zot:1    | Entered Level 1 of the Realm of Zot
 65587 | Zot:1    | Got an ichor-stained cloak
 65598 | Zot:1    | Identified the +0 cloak "Alubatyt" {MR+ Int+3} (You
                  | acquired it on level 1 of the Realm of Zot)
 65779 | Zot:1    | Reached XP level 27. HP: 269/269 MP: 24/24
 66154 | Zot:1    | You fall into a shaft and drop 1 floor!
 66156 | Zot:2    | Reached skill level 5 in Invocations
 66578 | Zot:2    | Received a gift from Okawaru
 67243 | Zot:3    | Found the +2 shield of Resistance {rF+ rC+ MR+}
 67619 | Zot:5    | Entered Level 5 of the Realm of Zot
 67965 | Zot:4    | Received a gift from Okawaru
 69977 | Elf:2    | Bought a scroll of enchant weapon for 90 gold pieces
 69977 | Elf:2    | Bought a scroll of enchant armour for 90 gold pieces
 70500 | Orc:2    | Bought a scroll of holy word for 112 gold pieces
 70500 | Orc:2    | Bought a scroll of enchant weapon for 112 gold pieces
 71199 | Vaults:5 | Bought a potion of heal wounds for 110 gold pieces
 71199 | Vaults:5 | Bought a potion of heal wounds for 110 gold pieces
 71220 | Vaults:5 | Bought a scroll of holy word for 120 gold pieces
 71903 | Snake:3  | You fall into a shaft and drop 1 floor!
 71928 | Snake:4  | Bought a cursed ring of teleportation for 76 gold pieces
 71934 | Snake:4  | Bought the ring of Robustness {AC+8} for 2816 gold pieces
 71934 | Snake:4  | Found the ring of Robustness {AC+8}
 72459 | Hell     | Found a gateway to the Iron City of Dis.
 72581 | Hell     | Found a gateway to the ashen valley of Gehenna.
 72626 | Hell     | Received a gift from Okawaru
 72634 | Hell     | Got a bloodstained crystal plate armour {god gift}
 72659 | Hell     | Found a gateway to the decaying netherworld of Tartarus.
 72741 | Hell     | Found a gateway to the freezing wastes of Cocytus.
 72800 | Hell     | Identified the +7 crystal plate armour "Heohisal" {MR+}
                  | (Okawaru gifted it to you in the Vestibule of Hell)
 72859 | Geh:1    | Entered Level 1 of Gehenna
 73402 | Slime:1  | Entered Level 1 of the Pits of Slime
 73611 | Slime:3  | Gained mutation: You are weak. (Str -2) [a shining eye]
 73613 | Slime:3  | Gained mutation: You are somewhat resistant to further
                  | mutation. [a shining eye]
 73705 | Slime:5  | Entered Level 5 of the Pits of Slime
 73733 | Slime:4  | Reached skill level 27 in Armour
 73902 | Slime:5  | Gained mutation: You are dopey. (Int -2) [a shining eye]
 73904 | Slime:5  | Gained mutation: Scrolls take you a little longer to read.
                  | [a shining eye]
 74202 | Slime:5  | Gained mutation: You are very weak. (Str -4) [a shining
                  | eye]
 74240 | Slime:5  | HP: 12/273 [acid (6)]
 74762 | Slime:5  | Found a viscous altar of Jiyva.
 74762 | Slime:5  | Noticed the Royal Jelly
 74793 | Slime:5  | Killed the Royal Jelly
 74793 | Slime:5  | Reached skill level 5 in Stealth
 74831 | Slime:5  | Received a gift from Okawaru
 74920 | Slime:5  | Got a slimy rune of Zot
 74967 | Slime:5  | Identified the Volume of Air
 74970 | Slime:5  | Got a twisted short sword
 74971 | Slime:5  | Identified the +10 short sword "Dunlad" {drain, Str+2 Dex+5
                  | SInv} (You found it on level 5 of the Pits of Slime)
 74979 | Slime:5  | Got a dazzling mace
 74980 | Slime:5  | Identified the +6 mace of Extermination {pain, *Noise Int+4
                  | Stlth+} (You found it on level 5 of the Pits of Slime)
 74990 | Slime:5  | Got a shimmering mace
 74991 | Slime:5  | Identified the +8 mace of Amortisation {holy, Dex+3} (You
                  | found it on level 5 of the Pits of Slime)
 75003 | Slime:5  | Got a scorched battleaxe
 75011 | Slime:5  | Identified the +6 battleaxe of Fate {flame, +Blink rC- MR+}
                  | (You found it on level 5 of the Pits of Slime)
 75039 | Slime:5  | Got a crystal rapier
 75042 | Slime:5  | Identified the cursed +1 rapier "Aru Buat" {drain, Str+6}
                  | (You found it on level 5 of the Pits of Slime)
 75933 | Depths:4 | Voluntarily entered the Abyss.
 76037 | Abyss:1  | Reached skill level 15 in Dodging
 76349 | Abyss:1  | Paralysed by you for 2 turns
 76374 | Abyss:1  | Got a faintly glowing plate armour
 76377 | Abyss:1  | Identified the +7 plate armour of Lugureso {Int+3 Dex+2}
                  | (You found it on level 1 of the Abyss)
 76552 | Abyss:1  | Found a corrupted altar of Lugonu.
 76720 | Abyss:1  | Received a gift from Okawaru
 76727 | Abyss:2  | Found a corrupted altar of Lugonu.
 76735 | Abyss:2  | Found a corrupted altar of Lugonu.
 77063 | Abyss:2  | Found a corrupted altar of Lugonu.
 77153 | Abyss:2  | Found a corrupted altar of Lugonu.
 77262 | Abyss:3  | Found a corrupted altar of Lugonu.
 77284 | Abyss:3  | Found a corrupted altar of Lugonu.
 77693 | Abyss:3  | Received a gift from Okawaru
 77710 | Abyss:3  | Got a pitted falchion {god gift}
 77713 | Abyss:3  | Identified the +1 falchion "Tesath" {protect, *Slow rF+++
                  | Int-4 SInv} (Okawaru gifted it to you on level 3 of the
                  | Abyss)
 77729 | Abyss:3  | Got an abyssal rune of Zot
 77977 | Abyss:3  | Gained mutation: You do not regenerate when monsters are
                  | visible. [a neqoxec]
 77982 | Abyss:3  | Gained mutation: You are frail. (-10% HP) [a neqoxec]
 78089 | Abyss:3  | Gained mutation: Your magical capacity is very low. (-20%
                  | MP) [a neqoxec]
 78102 | Abyss:3  | Gained mutation: You tend to lose your temper in combat. [a
                  | neqoxec]
 78138 | Abyss:3  | Paralysed by accursed screaming for 1 turns
 78147 | Abyss:3  | Paralysed by accursed screaming for 1 turns
 78216 | Abyss:3  | Found a basalt altar of Yredelemnul.
 78241 | Depths:4 | Escaped the Abyss
 79039 | Vaults:3 | You showed the abyssal rune of Zot to enter a treasure
                  | trove
 79040 | Trove    | Entered a treasure trove
 79084 | Trove    | Identified Sif Muna's Compendium of the Entourage and
                  | Attacks
 79087 | Trove    | Identified Sif Muna's Collected Works on Bewitching Battle
                  | Magic
 79099 | Trove    | Identified Sif Muna's Collected Works on the Captivating
                  | Escort
 79124 | Trove    | Got a distressingly furry hat
 79135 | Trove    | Identified the +0 hat of Fanaticism {rElec} (You acquired
                  | it in a treasure trove)
 79649 | Lair:1   | Lost mutation: You are somewhat resistant to further
                  | mutation. [potion of mutation]
 79649 | Lair:1   | Lost mutation: You tend to lose your temper in combat.
                  | [potion of mutation]
 79649 | Lair:1   | Lost mutation: You do not regenerate when monsters are
                  | visible. [potion of mutation]
 79649 | Lair:1   | Lost mutation: Your magical capacity is very low. (-20% MP)
                  | [potion of mutation]
 79649 | Lair:1   | Gained mutation: You are partially covered in molten
                  | scales. (AC +2) [potion of mutation]
 79649 | Lair:1   | Gained mutation: Your flesh is cold resistant. (rC+)
                  | [potion of mutation]
 79650 | Lair:1   | Lost mutation: You are dopey. (Int -2) [potion of mutation]
 79650 | Lair:1   | Lost mutation: Scrolls take you a little longer to read.
                  | [potion of mutation]
 79650 | Lair:1   | Gained mutation: Your flesh is heat resistant. (rF+)
                  | [potion of mutation]
 79651 | Lair:1   | Lost mutation: Your magical capacity is low. (-10% MP)
                  | [potion of mutation]
 79651 | Lair:1   | Lost mutation: You are very weak. (Str -4) [potion of
                  | mutation]
 79651 | Lair:1   | Lost mutation: You are frail. (-10% HP) [potion of
                  | mutation]
 79651 | Lair:1   | Gained mutation: Armour fits poorly on your strangely
                  | shaped body. [potion of mutation]
 79651 | Lair:1   | Gained mutation: You are robust. (+10% HP) [potion of
                  | mutation]
 79652 | Lair:1   | Lost mutation: You are partially covered in molten scales.
                  | (AC +2) [potion of mutation]
 79652 | Lair:1   | Lost mutation: Your flesh is heat resistant. (rF+) [potion
                  | of mutation]
 79652 | Lair:1   | Gained mutation: You are very weak. (Str -4) [potion of
                  | mutation]
 79652 | Lair:1   | Gained mutation: Your spells are a little harder to cast,
                  | but a little more powerful. [potion of mutation]
 79653 | Lair:1   | Lost mutation: Armour fits poorly on your strangely shaped
                  | body. [potion of mutation]
 79653 | Lair:1   | Lost mutation: Your flesh is cold resistant. (rC+) [potion
                  | of mutation]
 79653 | Lair:1   | Gained mutation: You are resistant to electric shocks.
                  | (rElec) [potion of mutation]
 79653 | Lair:1   | Gained mutation: You are surrounded by a mild repulsion
                  | field. (EV +2) [potion of mutation]
 79662 | Lair:1   | Lost mutation: You are very weak. (Str -4) [potion of
                  | mutation]
 79662 | Lair:1   | Lost mutation: You are weak. (Str -2) [potion of mutation]
 79662 | Lair:1   | Lost mutation: Your spells are a little harder to cast, but
                  | a little more powerful. [potion of mutation]
 79662 | Lair:1   | Gained mutation: Your muscles are strong. (Str +2) [potion
                  | of mutation]
 80095 | Pan      | Entered Pandemonium
 80216 | Pan      | Identified the cursed ring of the Cockroach {rElec Dex-2}
 80251 | Pan      | Found a runed translucent door.
 80298 | Pan      | Reached skill level 10 in Invocations
 80316 | Pan      | Gained mutation: Your magical capacity is low. (-10% MP) [a
                  | neqoxec]
 80322 | Pan      | Gained mutation: You tend to lose your temper in combat. [a
                  | neqoxec]
 80327 | Pan      | Gained mutation: You are dopey. (Int -2) [a neqoxec]
 80327 | Pan      | Gained mutation: Your body sometimes deteriorates upon
                  | taking damage. [a neqoxec]
 80594 | Pan      | Noticed Piyham the pandemonium lord
 80609 | Pan      | Killed Piyham the pandemonium lord
 80609 | Pan      | Received a gift from Okawaru
 81293 | Pan      | Noticed Rekhlorghu the pandemonium lord
 81297 | Pan      | Lost intelligence.
 81300 | Pan      | Gained mutation: You occasionally shout uncontrollably at
                  | your foes. [a neqoxec]
 81305 | Pan      | Killed Rekhlorghu the pandemonium lord
 81308 | Pan      | Lost mutation: You are robust. (+10% HP) [a neqoxec]
 81527 | Pan      | Got a bloodstained short sword
 81642 | Pan      | Gained mutation: Your body often deteriorates upon taking
                  | damage. [a neqoxec]
 81701 | Pan      | Gained mutation: Your spells are a little easier to cast,
                  | but a little less powerful. [a neqoxec]
 82084 | Pan      | Gained mutation: Armour fits poorly on your strangely
                  | shaped body. [a neqoxec]
 82252 | Pan      | Entered the realm of Cerebov.
 82705 | Pan      | Got a pair of steaming boots
 82706 | Pan      | Identified the cursed +0 pair of boots "Sytisarehi" {rC++
                  | Str+3} (You found it in Pandemonium)
 82830 | Pan      | Got an ancient glaive
 82831 | Pan      | Identified the +8 short sword of Ascent {vamp, MR+} (You
                  | found it in Pandemonium)
 82832 | Pan      | Identified the +2 glaive "Icveoref" {chop, Str-2 Int+2
                  | Dex+4} (You found it in Pandemonium)
 82910 | Pan      | Identified Sif Muna's Reference Book on Augmentations and
                  | Weightlessness
 83016 | Pan      | Identified the +8 war axe of Midsummer {drain, MR+}
 83017 | Pan      | Reached skill level 10 in Stealth
 83138 | Pan      | Identified the +6 sword of Cerebov {flame}
 83138 | Pan      | Noticed Cerebov
 83179 | Pan      | HP: 9/273 [Brimstone Fiend/damnation[Cerebov] (33)]
 83183 | Pan      | Killed from afar by a balrug

Levels and vault maps discovered:
D:1:      dpeg_arrival_simpleton_b, layout_basic, minmay_misc_feat_chi
D:2:      layout_loops_ring, chequers_ecumenical_altar_island
D:3:      layout_basic, evilmike_ruin_ashenzari, chequers_serial_rivers_micro_b
D:4:      layout_layer_cave, lemuel_round_altar,
          nicolae_overflow_quartered_altars,
          minmay_temple_entry_enclosed_plants, first_ration
D:5:      layout_basic, basic_altar
D:6:      layout_rooms, zin_scriptorium, lemuel_crystal_altar
D:7:      layout_rooms, gammafunk_ghost_smash, chequers_serial_rivers_room_b
D:8:      layout_rooms, lair_entry_dummy, hangedman_ranch
          [blue_anna_fruit_fields], uniq_erica
D:9:      layout_gridville, tso_altar
D:10:     layout_loops_ring, serial_shops, nicolae_shop_trees,
          minmay_statue_crystal_thing, uniq_urug, uniq_snorg, uniq_grum
D:11:     layout_loops_ring, orc_0_dummy, basic_altar, minmay_joined_circles
D:12:     layout_roguey
D:13:     layout_small_grid, david_vaults_2, gammafunk_ghost_arena
D:14:     layout_cave_pods, enter_bailey_8, ebering_ghost_rock_garden
D:15:     grunt_enter_depths_giant_problem, layout_cave_pools,
          nicolae_ru_awakened_eye
Temple:   nicolae_temple_god_jail
Lair:1:   layout_cave_pods, fungi_pond_lemuel, serial_bayou_pond_d
Lair:2:   layout_concentric_octagons, chequers_serial_rivers_micro_e,
          minivault_23
Lair:3:   layout_regular_city, nicolae_volcano_entry_batcave, minmay_holes,
          ice2_lemuel, grunt_megastairs_3
Lair:4:   layout_regular_city, swamp_mist, minmay_snake_entry_guardpost_large,
          hibernation_bobbens
Lair:5:   layout_cave_pods, special_room [special_room_bee],
          kennysheep_catoblepas_arena, minmay_lair_oklob_chamber,
          grunt_megastairs_5, serial_bayou_shore_a
Lair:6:   minmay_lair_end_enchanted_forest, layout_regular_city, slime_altar_1,
          gauntlet_entry_generic, chequers_serial_rivers_micro_a
Swamp:1:  layout_falls_marsh, hangedman_swamp_ruin_wall
Swamp:2:  layout_falls_marsh, evilmike_swamp_ruin_house_2
Swamp:3:  layout_basic_swamp, hangedman_swamp_ruin_hall, swamp_pool3
Swamp:4:  swamp_old_school, layout_basic_swamp, swamp_pool1
Snake:1:  layout_basic, portal_ice_cave_entry_pillars_1, nicolae_snake_springs,
          serial_bayou_shore_b
Snake:2:  layout_misc_corridors
Snake:3:  layout_chambers, ebering_ghost_disaster_area
Snake:4:  grunt_snake_rune_pools, layout_misc_corridors,
          nrook_guardian_serpent_ordinary, minmay_shop_grove
Slime:1:  layout_caves
Slime:2:  layout_caves
Slime:3:  layout_caves, nicolae_slime_welcoming_committee
Slime:4:  cheibrodos_slime_lost_civilization_9, layout_caves,
          nicolae_slime_phagocytosis
Slime:5
Orc:1:    layout_diamond_mine, basic_altar, serial_shops, shop_fountains,
          nicolae_shop_crystal, nicolae_shop_statue_plus,
          nicolae_shop_temple_entry_statues_fountains, uniq_sonja,
          uniq_josephine
Orc:2:    kennysheep_orc_mage_school, layout_diamond_mine, serial_shops, shop
Elf:1:    elf_arrival_001, layout_gridlike, minmay_elf_annihilation,
          nicolae_elf_w_pinch, nicolae_elf_big_sculpture_3, eino_tiny_chamber,
          minmay_shop_grid_forest
Elf:2:    layout_onion_city, serial_shops, nicolae_shop_stone, ebering_ghost_xom
Elf:3:    elf_hall, layout_onion_city
Vaults:1: v_misc_25, nicolae_vaults_alarming, v_misc_1,
          nicolae_vaults_murderbox, v_misc_12, vaults_room_pool,
          layout_vaults_big_room, basic_altar
Vaults:2: hangedman_vaults_cutoff, nicolae_vaults_three_branches, v_misc_13,
          v_rooms_5, vaults_dpeg_diagonal, nicolae_vaults_an_arrangement,
          hangedman_vaults_capsules, hangedman_vaults_trim,
          vaults_room_semicircle, nicolae_vaults_diagonal_hallway_6,
          layout_vaults_omnigrid, uniq_margery, uniq_nikola
Vaults:3: vaults_room_guarded_vault, v_misc_17, nicolae_vaults_network_s,
          minmay_crypt_entry_necro_gods, v_alt_pattern_5, hangedman_vaults_trim,
          v_misc_29, ontoclasm_vaults_ring_large, vaults_dpeg_spiral,
          vaults_dpeg_hooks, nicolae_vaults_little_squares_1,
          hangedman_vaults_trim, v_pattern_2, vaults_room_door_ring,
          nicolae_vaults_little_squares_5, layout_vaults_maze_snakey,
          serial_shops, shop, nicolae_trove_entry_columns
Vaults:4: nicolae_vaults_ninety_degrees, nicolae_vaults_network_square,
          grunt_vaults_trifunnel, v_misc_26, vaults_mumra_minichess,
          nicolae_vaults_know_your_exits, nicolae_vaults_big_ls,
          vaults_mumra_chevron, v_misc_24, layout_vaults_omnibox
Vaults:5
Crypt:1:  layout_gridlike, uniq_aizul
Crypt:2:  layout_chaotic_city, minmay_misc_feat_hallway, minmay_misc_feat_cross,
          uniq_donald
Crypt:3:  david_glass_crypt, layout_misc_corridors,
          nicolae_tomb_entry_unfolded_pyramid_orthogonal, ebering_ghost_gozag
Depths:1: lemuel_vampire_tower, layout_basic, hellmouth_1,
          nemelex_xobeh_ov_fountains_minmay, hangedman_cracks_in_the_wall
Depths:2: minmay_triangles_in_corner, layout_gridville, abyss_entry,
          hangedman_decor_push, pf_hell_entry_tar_spiral,
          rand_demon_pan_entry_7, kennysheep_nondecorative_pillar,
          infiniplex_staircase_spiral_double, uniq_saint_roka
Depths:3: hangedman_crystal_crosses_colossus [crystal_crosses_arms_four,
          crystal_crosses_arms_two, crystal_crosses_arms_two,
          crystal_crosses_arms_one], hell_entry, pan_entry
Depths:4: minmay_the_grid_3x3 [minmay_the_grid_empty, minmay_the_grid_artifice,
          minmay_the_grid_spin_star, minmay_the_grid_minigrid_small_alt,
          minmay_the_grid_square_x, minmay_the_grid_aliased_spiral,
          minmay_the_grid_odd_star, minmay_the_grid_small_cups,
          minmay_the_grid_prize_shrinking_boxes], layout_cave_pools,
          enter_ziggurat_c, grunt_hell_entry_dis_mu, serial_bayou,
          serial_bayou_pond_d, serial_bayou_shore_b, serial_bayou_ford_a,
          serial_bayou_pond_e, serial_bayou_pond_e,
          nicolae_abyss_entry_one_way_or_another, serial_shops, shop
Depths:5: lemuel_castle_with_subvaults [lemuel_castle_interior_carwin_3],
          layout_cave_shapes, pan_entry, grunt_hell_entry_demonic_statue,
          minmay_serpent_palace
Hell
Geh:1:    layout_gehenna_pools_basic
Zot:1:    layout_basic, grunt_ministairs_8
Zot:2:    layout_misc_corridors
Zot:3:    layout_onion_interference, nicolae_zot_crop_circle, grunt_megastairs_2
Zot:4:    layout_cathedral_of_symmetry
Zot:5:    layout_onion, lemuel_lake_of_fire
Pan:      rand_demon_9, layout_pan_divisions_a [pan_division_quadrant_a4,
          pan_division_quadrant_a3, pan_division_quadrant_a2,
          pan_division_quadrant_a5, pan_division_octagon_halves],
          pan_blood_fountain_small, grunt_pan_zigzag, layout_onion_city,
          pan_blood_fountain_small, nicolae_pan_lom_lobonic_1, cerebov_st,
          layout_long_grid

Skill      XL: |  1  2  3  4  5  6  7  8  9 10 11 12 13 14 15 16 17 18 19 20 21 22 23 24 25 26 27 |
---------------+----------------------------------------------------------------------------------+-----
Fighting       | 4 5 6 7 8 9 11 12 13 14 15 16 17 18 20 21 23 24 26 27 | 27.0
Shields        | 4 5 6 7 9 11 12 13 15 16 18 20 21 22 24 25 26 27 | 27.0
Long Blades    | 3 4 5 7 9 10 12 13 15 16 17 18 19 20 21 22 23 25 26 27 | 27.0
Armour         | 4 5 6 7 8 9 10 11 13 14 15 16 17 18 19 20 21 23 27 | 27.0
Dodging        | 1 2 3 4 5 6 7 8 10 19 | 19.1
Short Blades   | 1 3 |  3.7
Invocations    | 1 2 4 11 | 11.9
Stealth        | 1 2 3 10 | 10.0
Evocations     | 1 7 8 |  8.3

Action                   |  1- 3 |  4- 6 |  7- 9 | 10-12 | 13-15 | 16-18 | 19-21 | 22-24 | 25-27 || total
-------------------------+-------+-------+-------+-------+-------+-------+-------+-------+-------++-------
Melee: Long sword        |   105 |   229 |   256 |       |       |       |       |       |       ||   590
       Headbutt          |    13 |    43 |    63 |   131 |   365 |   400 |   413 |   461 |  1116 ||  3005
       Rapier            |       |       |    20 |       |       |       |       |       |       ||    20
       Scimitar          |       |       |    30 |   148 |    22 |   188 |       |       |       ||   388
       Double sword      |       |       |       |   439 |  1558 |  1498 |  1395 |  1360 |  3298 ||  9548
Invok: Heroism           |       |       |     1 |     7 |     3 |     4 |     1 |     1 |    11 ||    28
       Finesse           |       |       |       |       |       |     1 |       |       |     5 ||     6
Evoke: Wand              |       |       |       |     4 |     2 |       |     1 |       |    21 ||    28
  Use: Potion            |     1 |     2 |     1 |     2 |     3 |     5 |       |       |    20 ||    34
       Scroll            |       |     5 |       |    16 |     8 |    15 |     2 |     2 |    37 ||    85
 Stab: Confused          |       |       |       |       |     2 |     2 |       |       |       ||     4
       Distracted        |       |       |       |       |       |       |       |     1 |     4 ||     5
       Paralysed         |       |       |       |       |       |       |       |       |     2 ||     2
  Eat: Chunk             |       |     9 |     7 |    15 |    28 |    12 |    23 |    21 |    30 ||   145
       Ration            |       |       |       |     2 |     5 |     9 |     2 |     3 |    15 ||    36
Armor: Scale mail        |    38 |    18 |       |       |       |       |       |       |       ||    56
       Plate armour      |       |    80 |   110 |   175 |   495 |    34 |   278 |   433 |   590 ||  2195
       Crystal plate arm |       |       |       |       |   159 |   885 |   133 |       |       ||  1177
       Gold dragon scale |       |       |       |       |       |       |       |       |   346 ||   346
Dodge: Dodged            |    22 |    12 |    29 |    76 |   270 |   318 |   237 |   278 |   958 ||  2200
Block: Shield            |    34 |       |       |       |       |       |       |       |  1072 ||  1106
       Large shield      |    53 |   206 |   294 |   643 |  1946 |  2288 |  1909 |  2043 |  2827 || 12209
       Rpst.: Long sword |     7 |     3 |    10 |       |       |       |       |       |       ||    20
       Scimitar          |       |       |     1 |     4 |       |     7 |       |       |       ||    12
       Double sword      |       |       |       |    15 |    64 |    31 |    45 |    49 |   168 ||   372
